[ AOE2 MATCH · #486372107 ]
UnrankedArmenians vs Mongols
Player's team · LOSS
Rival team · WIN
[ REPLAY ANALYSIS · EXTRACTED FROM THE RECORDED GAME ]
Feudal
—
Castle
—
Imperial
—
| APM avg | 38.5 |
| APM peak | 72 |
| eAPM avg | 16.9 |
| Villagers / military | 31 / 9 |
Focus
⚔️ 29.0% · 🌾 71.0%
Militia ×8 · Spearman ×1
Feudal
8:08
Castle
—
Imperial
—
| APM avg | 55.6 |
| APM peak | 82 |
| eAPM avg | 27.4 |
| Villagers / military | 45 / 10 |
Focus
⚔️ 18.3% · 🌾 81.7%
Skirmisher ×4 · Scout Cavalry ×4 · Archer ×1 · Spearman ×1
Match map
Initial resources + every placement click. Lines = walls · curves = elevation contours. ◆ gold · ⬟ stone · ● berries · ✦ relic · ◌ wall gap
Your base· Open — unwalled flank
HellionBlue's base· Open — unwalled flank
Smoothed initial terrain · ◌ = detected wall gap · hover for details
Inputs per minute
— DrPiecemaker - - HellionBlue
Build order — DrPiecemaker
78 actions detected in the replay
| 0:01 | Create | Villager (Male) |
| 0:01 | Create | Villager (Male) |
| 0:02 | Build | House |
| 0:03 | Build | House |
| 0:12 | Create | Villager (Male) |
| 0:14 | Create | Villager (Male) |
| 1:25 | Create | Villager (Male) |
| 1:53 | Build | Mule Cart |
| 2:00 | Create | Villager (Male) |
| 2:00 | Create | Villager (Male) |
| 2:16 | Create | Villager (Male) |
| 2:17 | Create | Villager (Male) |
| 2:54 | Create | Villager (Male) |
| 2:54 | Create | Villager (Male) |
| 3:23 | Create | Villager (Male) |
| 3:23 | Create | Villager (Male) |
| 3:36 | Build | House |
| 3:45 | Create | Villager (Male) |
| 3:45 | Create | Villager (Male) |
| 3:56 | Build | Mill |
| 4:13 | Create | Villager (Male) |
| 4:39 | Create | Villager (Male) |
| 4:39 | Create | Villager (Male) |
| 5:19 | Create | Villager (Male) |
| 5:48 | Create | Villager (Male) |
| 5:51 | Create | Villager (Male) |
| 6:01 | Build | Barracks |
| 6:12 | Research | Loom |
| 7:00 | Create | Militia |
| 7:07 | Build | House |
| 7:13 | Research | Feudal Age |
| 7:52 | Create | Militia |
| 8:00 | Build | House |
| 8:05 | Build | Palisade Wall |
| 8:42 | Build | Palisade Wall |
| 8:47 | Build | Palisade Wall |
| 8:50 | Create | Militia |
| 8:53 | Create | Militia |
| 9:23 | Create | Villager (Male) |
| 9:27 | Research | Double-Bit Axe |
| 9:28 | Research | Man-at-Arms (upgrade) |
| 9:54 | Research | Horse Collar |
| 10:06 | Build | Farm |
| 10:08 | Build | Farm |
| 10:28 | Build | House |
| 10:30 | Build | Palisade Wall |
| 10:56 | Build | Farm |
| 10:56 | Build | Farm |
| 10:57 | Build | Farm |
| 11:02 | Build | House |
| 11:34 | Create | Spearman |
| 12:07 | Build | Palisade Wall |
| 12:10 | Build | House |
| 12:33 | Create | Villager (Male) |
| 12:34 | Build | Farm |
| 13:07 | Create | Militia |
| 13:07 | Create | Villager (Male) |
| 13:10 | Build | Farm |
| 13:31 | Create | Villager (Male) |
| 13:40 | Create | Militia |
| 13:41 | Create | Villager (Male) |
| 13:45 | Build | Farm |
| 14:05 | Build | Palisade Wall |
| 14:11 | Build | Palisade Wall |
| 14:13 | Create | Villager (Male) |
| 14:15 | Create | Villager (Male) |
| 14:21 | Create | Militia |
| 14:31 | Create | Villager (Male) |
| 14:38 | Build | Mill |
| 15:06 | Create | Militia |
| 15:10 | Build | Farm |
| 15:23 | Create | Villager (Male) |
| 15:34 | Build | Palisade Gate |
| 15:36 | Build | Palisade Wall |
| 15:56 | Research | Arson |
| 16:03 | Build | Farm |
| 16:03 | Create | Villager (Male) |
| 16:06 | Build | Farm |
Build order — HellionBlue
103 actions detected in the replay
| 0:02 | Create | Villager (Male) |
| 0:02 | Create | Villager (Male) |
| 0:02 | Create | Villager (Male) |
| 0:03 | Build | House |
| 0:04 | Build | House |
| 0:04 | Create | Villager (Male) |
| 0:05 | Create | Villager (Male) |
| 1:32 | Create | Villager (Male) |
| 1:32 | Create | Villager (Male) |
| 1:46 | Create | Villager (Male) |
| 1:47 | Create | Villager (Male) |
| 1:50 | Build | Lumber Camp |
| 2:32 | Create | Villager (Male) |
| 2:32 | Create | Villager (Male) |
| 2:45 | Build | House |
| 2:50 | Create | Villager (Male) |
| 2:51 | Create | Villager (Male) |
| 3:17 | Create | Villager (Male) |
| 3:17 | Create | Villager (Male) |
| 3:17 | Create | Villager (Male) |
| 3:57 | Create | Villager (Male) |
| 3:57 | Create | Villager (Male) |
| 3:58 | Create | Villager (Male) |
| 3:58 | Create | Villager (Male) |
| 4:43 | Build | Mill |
| 4:58 | Create | Villager (Male) |
| 4:58 | Create | Villager (Male) |
| 4:58 | Create | Villager (Male) |
| 5:25 | Create | Villager (Male) |
| 5:58 | Research | Feudal Age |
| 5:59 | Research | Feudal Age |
| 6:45 | Research | Loom |
| 6:46 | Create | Villager (Male) |
| 6:58 | Build | House |
| 7:09 | Build | Barracks |
| 8:08 | Age | Feudal Age |
| 8:10 | Build | Stable |
| 8:16 | Create | Villager (Male) |
| 8:41 | Build | House |
| 8:46 | Create | Villager (Male) |
| 8:49 | Create | Scout Cavalry |
| 8:50 | Create | Scout Cavalry |
| 9:08 | Create | Villager (Male) |
| 9:23 | Create | Spearman |
| 9:29 | Build | Archery Range |
| 9:37 | Build | Mill |
| 9:41 | Create | Villager (Male) |
| 9:46 | Create | Villager (Male) |
| 10:08 | Create | Villager (Male) |
| 10:10 | Build | Farm |
| 10:11 | Build | Farm |
| 10:47 | Create | Villager (Male) |
| 10:49 | Build | Farm |
| 10:49 | Build | Farm |
| 10:49 | Build | Farm |
| 10:49 | Build | Farm |
| 10:55 | Create | Archer |
| 11:03 | Create | Scout Cavalry |
| 11:15 | Build | House |
| 11:18 | Create | Skirmisher |
| 11:34 | Build | House |
| 11:48 | Create | Villager (Male) |
| 12:08 | Create | Villager (Male) |
| 12:12 | Create | Scout Cavalry |
| 12:20 | Build | Farm |
| 12:20 | Build | Farm |
| 12:21 | Build | Farm |
| 12:21 | Build | Farm |
| 12:21 | Build | Farm |
| 12:21 | Build | Farm |
| 12:31 | Build | House |
| 12:35 | Create | Skirmisher |
| 12:41 | Create | Villager (Male) |
| 12:41 | Create | Villager (Male) |
| 13:03 | Build | Farm |
| 13:03 | Build | Farm |
| 13:04 | Build | Farm |
| 13:04 | Build | Farm |
| 13:10 | Create | Villager (Male) |
| 13:30 | Build | Mining Camp |
| 13:33 | Create | Villager (Male) |
| 13:48 | Build | Farm |
| 13:49 | Create | Villager (Male) |
| 13:54 | Research | Double-Bit Axe |
| 14:17 | Create | Villager (Male) |
| 14:21 | Build | Lumber Camp |
| 14:28 | Create | Villager (Male) |
| 14:31 | Build | House |
| 14:41 | Create | Villager (Male) |
| 14:43 | Create | Skirmisher |
| 14:48 | Build | House |
| 14:51 | Create | Villager (Male) |
| 15:02 | Create | Skirmisher |
| 15:05 | Build | House |
| 15:08 | Build | House |
| 15:14 | Build | Palisade Gate |
| 15:18 | Create | Villager (Male) |
| 15:51 | Create | Villager (Male) |
| 16:05 | Build | Farm |
| 16:06 | Build | Farm |
| 16:07 | Build | Farm |
| 16:08 | Build | Farm |
| 16:09 | Build | Farm |
Match timeline
| 6:01 | DrPiecemaker · first_building Barracks |
| 7:09 | HellionBlue · first_building Barracks |
| 8:05 | DrPiecemaker · wall_segment Palisade Wall x17 |
| 8:08 | HellionBlue · age_up feudal |
| 8:10 | HellionBlue · first_building Stable |
| 8:42 | DrPiecemaker · wall_segment Palisade Wall x1 |
| 8:47 | DrPiecemaker · wall_segment Palisade Wall x8 |
| 9:29 | HellionBlue · first_building Archery Range |
| 10:30 | DrPiecemaker · wall_segment Palisade Wall x1 |
| 12:07 | DrPiecemaker · wall_segment Palisade Wall x1 |
| 14:05 | DrPiecemaker · wall_segment Palisade Wall x8 |
| 14:11 | DrPiecemaker · wall_segment Palisade Wall x10 |
| 15:36 | DrPiecemaker · wall_segment Palisade Wall x2 |
| 16:24 | DrPiecemaker · resign |
[ AI ANALYSIS · 1 CREDIT ]
What really happened in this match?
Wolo.gg analyzes every decision: build order, eco, micro, common mistakes by bracket. Personalized analysis on WhatsApp or Discord in 30 seconds.
Civ guide
Armenians
Perfil
DrPiecemaker